 Dungeon Crawl Stone Soup version 0.24-a0-613-g1ff6aac338 (webtiles) character file.

Game seed: 659402440239417985, levelgen mode: deterministic

598 E1999 the Cleaver (level 7, -6/59 HPs)
             Began as a Minotaur Fighter on Sept 12, 2019.
             Mangled by an ogre
             ... wielding a +0 giant club
              (8 damage)
             ... on level 5 of the Dungeon.
             The game lasted 00:07:20 (3072 turns).

E1999 the Cleaver (Minotaur Fighter)                Turns: 3072, Time: 00:07:21

Health: -6/59      AC:  8    Str: 22    XL:     7   Next: 17%
Magic:  6/6        EV: 13    Int:  5    God:
Gold:   182        SH:  0    Dex: 10    Spells: 6/6 levels left

rFire    . . .     SeeInvis .   a - +0 war axe
rCold    . . .     Gourm    .   (no shield)
rNeg     . . .     Faith    .   b - +0 scale mail
rPois    .         Spirit   .   (helmet restricted)
rElec    .         Reflect  .   (no cloak)
rCorr    .         Harm     .   x - +0 pair of gloves
MR       .....                  (no boots)
Stlth    ..........             (no amulet)
HPRegen  0.19/turn              B - +4 ring of evasion
MPRegen  0.10/turn              (no ring)

@: no status effects
A: retaliatory headbutt, horns 2
a: no special abilities


You were on level 5 of the Dungeon.
You were not hungry.

You visited 1 branch of the dungeon, and saw 5 of its levels.

You collected 182 gold pieces.

Inventory:

Hand Weapons
 a - a +0 war axe (weapon)
 u - a +4 dagger of holy wrath
Missiles
 q - 7 datura-tipped darts (quivered)
Armour
 b - a +0 scale mail (worn)
 c - a +0 shield
 x - a +0 pair of gloves (worn)
Jewellery
 B - a +4 ring of evasion (left hand)
Wands
 s - a wand of iceblast (4)
 t - a wand of random effects (2)
Scrolls
 e - 8 scrolls of identify {unknown}
 g - 6 scrolls of remove curse {unknown}
 h - 3 scrolls of blinking {unknown}
 l - 3 scrolls of random uselessness {unknown}
 n - 2 scrolls of enchant weapon {unknown}
 o - 2 scrolls of teleportation {unknown}
 p - a scroll of immolation {unknown}
 r - 2 scrolls of fog {unknown}
 v - a scroll of amnesia {unknown}
 y - a scroll of magic mapping {unknown}
Potions
 d - 3 potions of might
 i - a potion of curing {unknown}
 j - a potion of flight {unknown}
 k - a potion of lignification {unknown}
 m - a potion of degeneration {unknown}
 w - a potion of invisibility {unknown}
 z - a potion of agility {unknown}
 A - a potion of mutation {unknown}
 C - a potion of berserk rage {unknown}
Comestibles
 f - 4 rations
 D - 5 chunks of flesh {@w1}


   Skills:
 - Level 4.1 Fighting
 + Level 9.1 Axes
 - Level 4.0 Armour
 - Level 4.0 Shields


You had 6 spell levels left.
You didn't know any spells.
Your spell library was empty.

Dungeon Overview and Level Annotations

Branches:
Dungeon (5/15)             Temple (0/1) D:5

Altars:
Ashenzari
Elyvilon
Fedhas
Trog
Uskayaw
Xom
Yredelemnul
Zin

Annotations:
D:5 1 runed translucent door


Innate Abilities, Weirdness & Mutations

You reflexively headbutt those who attack you in melee.
You have a pair of horns on your head.


Message History

You hit the ogre but do no damage.
You headbutt the ogre, but do no damage.
The ogre hits you with a +0 giant club!!
You are too injured to fight recklessly!
You are too injured to fight recklessly!
You barely miss the ogre. Your headbutt misses the ogre.
The ogre hits you with a +0 giant club!
* * * LOW HITPOINT WARNING * * *
You slash the ogre!
The ogre is heavily wounded.
The ogre hits you with a +0 giant club!!
* * * LOW HITPOINT WARNING * * *
Evoke which item? (* to show all) (? for menu, Esc to quit)
Aiming: Iceblast
Press: ? - help, Shift-Dir - straight line
Okay, then.
You hit the ogre.
The ogre is severely wounded.
The ogre hits you with a +0 giant club!
You die...

....> ..[.. ...#
...# . ..# P. ≈
#.## ## .## ≈
#O.##P#...# ≈
#@.#....>
##.#.P#
#....##.#
##.....P.P.
##..##......
######### ##..##
#.....
##.......###..##
.....
#...._....#..##
....
#..#####...###
...


You could see an ogre.

Vanquished Creatures
  A hippogriff (D:5)
  A phantom (D:4)
  2 scorpions (D:4)
  An orc wizard (D:3)
  Ijyb (D:3)
  A worker ant (D:5)
  A howler monkey skeleton (D:4)
  5 adders
  A shadow imp (D:2)
  An ooze (D:1)
  2 worms
  4 dart slugs
  6 orcs
  4 ball pythons
  5 giant cockroaches
  4 goblins
  7 hobgoblins
  6 jackals
  6 kobolds
  4 quokkas
  4 bats
  3 frilled lizards
  6 rats
76 creatures vanquished.

Vanquished Creatures (collateral kills)
  An adder (D:3)
  An orc (D:3)
2 creatures vanquished.

Vanquished Creatures (others)
  An orc (D:3)
1 creature vanquished.

Grand Total: 79 creatures vanquished

Notes
Turn   | Place    | Note
-------+----------+-------------------------------------------
     0 | D:1      | E1999 the Minotaur Fighter began the quest for the Orb.
     0 | D:1      | Reached XP level 1. HP: 19/19 MP: 0/0
    74 | D:1      | Reached XP level 2. HP: 23/27 MP: 1/1
   111 | D:1      | Reached skill level 4 in Fighting
   216 | D:1      | Reached skill level 4 in Armour
   220 | D:1      | Reached skill level 4 in Shields
   242 | D:1      | Reached skill level 3 in Axes
   255 | D:1      | Reached XP level 3. HP: 33/33 MP: 2/2
   340 | D:1      | You fall into a shaft and drop 1 floor!
   422 | D:2      | Found a hide-covered altar of Uskayaw.
   563 | D:2      | Found a blossoming altar of Fedhas.
   710 | D:2      | Found a basalt altar of Yredelemnul.
   751 | D:2      | Found a bloodstained altar of Trog.
   757 | D:2      | Reached skill level 4 in Axes
   811 | D:2      | Found a white marble altar of Elyvilon.
   920 | D:2      | Reached XP level 4. HP: 37/40 MP: 3/3
  1730 | D:3      | Noticed Ijyb
  1746 | D:3      | Killed Ijyb
  1746 | D:3      | Reached skill level 5 in Axes
  1891 | D:3      | Reached XP level 5. HP: 37/46 MP: 4/4
  2227 | D:4      | Noticed a phantom
  2274 | D:4      | Killed a phantom
  2274 | D:4      | Reached skill level 6 in Axes
  2338 | D:4      | Reached skill level 7 in Axes
  2338 | D:4      | Reached XP level 6. HP: 31/52 MP: 5/5
  2778 | D:4      | Found a shattered altar of Ashenzari.
  2800 | D:5      | Entered Level 5 of the Dungeon
  2800 | D:5      | Found a bloodstained altar of Trog.
  2800 | D:5      | Found a runed translucent door.
  2866 | D:5      | Noticed a hippogriff
  2886 | D:5      | Killed a hippogriff
  2886 | D:5      | Reached skill level 8 in Axes
  2886 | D:5      | Reached XP level 7. HP: 35/59 MP: 6/6
  2890 | D:5      | Reached skill level 9 in Axes
  3027 | D:5      | Found a glowing silver altar of Zin.
  3036 | D:5      | Noticed an angel
  3038 | D:5      | Found a shimmering altar of Xom.
  3066 | D:5      | Found a staircase to the Ecumenical Temple.
  3071 | D:5      | HP: 2/59 [ogre/+0 giant club (23)]
  3072 | D:5      | Mangled by an ogre

Levels and vault maps discovered:
D:1:      giann_forest_graveyard, layout_basic, serial_glass, glass_columns_b,
          glass_columns_a
D:2:      layout_basic, kennysheep_ying_yang, eat_drink_and_be_merry_uskayaw,
          fedhas_altar_1, first_ration, trog_butcher_becter
D:3:      layout_loops_ring, uniq_ijyb
D:4:      layout_cave_pools, ashenzari_altar_1
D:5:      layout_cave_pods, grunt_temple_overflow_order_and_chaos_1,
          overflow_temple_1_default, minmay_temple_entry_gardened_gates,
          ebering_ghost_sewer_f, hangedman_feature_mirror, uniq_prince_ribbit1

Skill      XL: |  1  2  3  4  5  6  7 |
---------------+----------------------+-----
Fighting       | 4 |  4.1
Armour         | 4 |  4.0
Shields        | 4 |  4.0
Axes           | 3 4 5 7 8 9 |  9.1

Action                   |  1- 3 |  4- 6 |  7- 9 || total
-------------------------+-------+-------+-------++-------
Melee: War axe           |    56 |   111 |    12 ||   179
       Headbutt          |     7 |    17 |     1 ||    25
Throw: Dart              |       |     2 |       ||     2
Evoke: Wand              |       |     1 |       ||     1
  Eat: Chunk             |       |     3 |     1 ||     4
       Ration            |       |     1 |       ||     1
Armor: Scale mail        |    37 |    58 |     4 ||    99
Dodge: Dodged            |    35 |    63 |     1 ||    99

Table legend:
 A = Non-vault XP
 B = Vault XP
 C = Vault XP percentage of total XP
 D = Non-vault monster count
 E = Vault monster count
 F = Vault count percentage of total count
                 A         B        C        D         E       F
            +---------+---------+-------+---------+---------+-------
      Total |     810 |      45 |   5.3 |      73 |       5 |   6.4
            +---------+---------+-------+---------+---------+-------
        D:1 |      41 |       0 |   0.0 |      21 |       0 |   0.0
        D:2 |      55 |       7 |  11.3 |      12 |       4 |  25.0
        D:3 |      94 |      38 |  28.8 |      20 |       1 |   4.8
        D:4 |     325 |       0 |   0.0 |      14 |       0 |   0.0
        D:5 |     295 |       0 |   0.0 |       6 |       0 |   0.0
            +---------+---------+-------+---------+---------+-------
